 Dungeon Crawl Stone Soup version 0.28.0-53-g5a82cb258f (webtiles) character file.

Game seed: 5803001974187951833

119 ShinZimon the Ducker (level 4, -1/21 HPs)
             Began as a Spriggan Conjurer on July 23, 2022.
             Killed by nerve-wracking pain
             ... invoked by an orc priest
              (12 damage)
             ... on level 3 of the Dungeon.
             The game lasted 00:21:05 (3165 turns).

ShinZimon the Ducker (Spriggan Conjurer)            Turns: 3165, Time: 00:21:05

Health: -1/21      AC:  2    Str:  5    XL:     4   Next: 73%
Magic:  1/9        EV: 16    Int: 19    God:
Gold:   81         SH:  4    Dex: 13    Spells: 8/9 levels left

rFire   . . .      SeeInvis +   c - +0 short sword
rCold   . . .      Faith    .   g - +0 buckler
rNeg    . . .      Spirit   .   a - +0 robe
rPois   .          Reflect  .   (helmet restricted)
rElec   .          Harm     .   (no cloak)
rCorr   .          Rampage  .   (gloves unavailable)
Will    .....                   (boots unavailable)
Stlth   ++........              (no amulet)
HPRegen 0.07/turn               (no ring)
MPRegen 0.11/turn               (no ring)

@: very slightly contaminated, very quick
A: very small, no large weapons, unfitting armour, see invisible, speed 3
a: no special abilities


You were on level 3 of the Dungeon.
You visited 1 branch of the dungeon, and saw 3 of its levels.

You collected 81 gold pieces.

Inventory:

Hand Weapons
 c - a +0 short sword (weapon)
Armour
 a - a +0 robe (worn)
 g - a +0 buckler (worn)
Scrolls
 b - 2 scrolls of identify
 d - a scroll of enchant armour
 f - a scroll of amnesia {unknown}


   Skills:
 * Level 0.4 Fighting
 * Level 0.9 Short Blades
 * Level 3.4 Dodging
 * Level 3.3 Stealth
 * Level 3.2 Spellcasting
 + Level 3.4 Conjurations
 * Level 0.9 Hexes
 * Level 0.4 Summonings
 * Level 1.6 Translocations
 * Level 1.3 Transmutations
 * Level 1.5 Evocations


You had 8 spell levels left.
You knew the following spells:

 Your Spells              Type           Power      Damage    Failure   Level
a - Magic Dart            Conj           60%        1d6       9%          1

Your spell library contained the following spells:

 Spells                   Type           Power      Damage    Failure   Level
 Searing Ray              Conj           30%        2d5       12%         2
 Blink                    Tloc           18%        N/A       26%         2
 Dazzling Flash           Conj/Hex       22%        N/A       38%         3
 Lesser Beckoning         Tloc           9%         N/A       45%         3
 Iskenderun's Mystic Bla  Conj/Tloc      12%        2d5       75%         4
 Fulminant Prism          Conj/Hex       5%         3d7       80%         4
 Manifold Assault         Tloc           9%         N/A       99%         5


Dungeon Overview and Level Annotations

Branches:
Dungeon (3/15)

Altars:

Shops:
D:2 :((:


Innate Abilities, Weirdness & Mutations

You are very small and have problems with some larger weapons.
You are too small for most types of armour.
You have supernaturally acute eyesight. (SInv)
You cover ground extremely quickly. (Speed+++)


Message History

You kill the giant cockroach!
The magic dart hits the orc.
The orc is almost dead.
A giant cockroach comes into view.
The magic dart hits the orc.
You kill the orc!
An orc priest comes into view. It is wielding a +0 mace.
Found a stone staircase leading down.
A hobgoblin comes into view.
Your magical contamination has completely faded away.
Found a leather armour.
You see here a +0 leather armour.
The magic dart hits the giant cockroach.
The giant cockroach is moderately wounded.
The magic dart hits the giant cockroach.
The giant cockroach is severely wounded.
The magic dart hits the giant cockroach.
You kill the giant cockroach!
The orc priest shouts!
The magic dart hits the orc priest.
The orc priest is lightly wounded.
The magic dart hits the orc priest but does no damage.
The orc priest is lightly wounded.
The orc priest mumbles some strange prayers to Beogh against you.
Pain shoots through your body!
The magic dart hits the orc priest but does no damage.
The orc priest is lightly wounded.
The magic dart hits the orc priest but does no damage.
The orc priest is lightly wounded.
You miscast Magic Dart.
You are very lightly contaminated with residual magic.
Nothing appears to happen.
The orc priest mumbles some strange prayers to Beogh against you.
You struggle to resist.
The orc priest mumbles some strange prayers to Beogh against you.
Pain shoots through your body!
The orc priest mumbles some strange prayers to Beogh against you.
Pain shoots through your body!
Ouch! That really hurt!
You die...

#.###########
............#
g......>..#.# .#####.#.#.#
#.#.#.# #####+# #.#.#.#
...........# #.#.#.#
.....(....# #.#.#.#
.........# #@#.#.#
........####.#.#.#
..............#.#
#+#.###....†..###.#
####.#.###......####.#####
........)...o..###.......#
.###.#.###.##### #.#.###.#
...#...........# #.#.# #.#
##.#.#.###.###.# #.#.###.#


You could see an orc priest.

Vanquished Creatures
  An iguana (D:2)
  3 gnolls (D:2)
  An adder (D:2)
  An ufetubus (D:3)
  A dart slug (D:1)
  2 orcs (D:3)
  6 endoplasms
  3 giant cockroaches
  3 goblins (D:1)
  5 hobgoblins
  4 quokkas
  6 bats
  3 frilled lizards
  4 kobolds
  5 rats
48 creatures vanquished.

Notes
Turn   | Place    | Note
-------+----------+-------------------------------------------
     0 | D:1      | ShinZimon the Spriggan Conjurer began the quest for the
                  | Orb.
     0 | D:1      | Reached XP level 1. HP: 9/9 MP: 5/5
   268 | D:1      | Reached XP level 2. HP: 13/13 MP: 1/6
   466 | D:1      | Reached skill level 1 in Transmutations
   648 | D:1      | Reached skill level 1 in Translocations
   849 | D:2      | Found Keola's Antique Weapon Shop.
   853 | D:2      | Reached XP level 3. HP: 16/16 MP: 6/8
  1062 | D:2      | Found Fyneulul's Book Emporium.
  1317 | D:2      | Reached XP level 4. HP: 13/21 MP: 3/9
  1799 | D:2      | Found Kepli's Weapon Shop.
  1904 | D:2      | Found Awidie's Book Shoppe.
  2128 | D:2      | Reached skill level 1 in Evocations
  3165 | D:3      | Killed from afar by an orc priest

Illustrated notes

Levels and vault maps discovered:
D:1:      minmay_arrival_open_corners, layout_basic,
          chequers_serial_rivers_small_b
D:2:      layout_basic, serial_shops, shop, nicolae_shop_advertising_works
          [nicolae_subvault_shop_adworks], nicolae_shop_hallway_stairs,
          shop_statue, kennysheep_generic_room_15
D:3:      layout_basic, st_stairs_8

Skill      XL: |  1  2  3  4 |
---------------+-------------+-----
Conjurations   | 3 |  3.4
Transmutations | 1 |  1.3
Translocations | 1 |  1.6
Dodging        | 3 |  3.4
Spellcasting   | 3 |  3.2
Evocations     | 1 |  1.5
Fighting       | |  0.4
Short Blades   | |  0.9
Stealth        | |  3.3
Hexes          | |  0.9
Summonings     | |  0.4

Action                   |  1- 3 |  4- 6 || total
-------------------------+-------+-------++-------
Melee: Short sword       |     7 |     5 ||    12
 Cast: Magic Dart        |    76 |    67 ||   143
  Use: Scroll            |     1 |       ||     1
 Stab: Sleeping          |     2 |       ||     2
Armor: Robe              |     1 |     1 ||     2
Dodge: Dodged            |    11 |     7 ||    18
Block: Buckler           |       |     1 ||     1
